 Dungeon Crawl Stone Soup version 0.29-a0-284-gf9362112df (webtiles) character file.

Game seed: 8983694121856765049

91 rabbitsville the Magician (level 4, -1/31 HPs)
             Began as a Djinni Earth Elementalist on Mar 28, 2022.
             Slain by a goblin
             ... wielding a +0 club
             ... led by Robin
              (4 damage)
             ... on level 2 of the Dungeon.
             The game lasted 00:05:23 (2017 turns).

rabbitsville the Magician (DjEE)                    Turns: 2017, Time: 00:05:25

Health: -1/31      AC:  2    Str:  7    XL:     4   Next: 87%
Gold:   73         EV: 12    Int: 18    God:
                   SH:  0    Dex: 14

rFire   + + .      SeeInvis .   c - +0 short sword
rCold   x . .      Faith    .   (no shield)
rNeg    . . .      Spirit   .   b - +0 robe
rPois   ∞          Reflect  .   (no helmet)
rElec   .          Harm     .   (no cloak)
rCorr   .          Rampage  .   (no gloves)
Will    .....                   (boots unavailable)
Stlth   ++........              (no amulet)
HPRegen 0.10/turn               (no ring)
MPRegen 0.00/turn               (no ring)

@: flying
A: sickness immunity, fire resistance 2, cold vulnerability 1, float, innate
caster, HP casting, extra vitality 1
a: no special abilities


You were on level 2 of the Dungeon.
You visited 1 branch of the dungeon, and saw 2 of its levels.

You collected 73 gold pieces.

Inventory:

Hand Weapons
 c - a +0 short sword (weapon)
Missiles
 a - 82 stones
Armour
 b - a +0 robe (worn)
Scrolls
 f - 2 scrolls of holy word
Potions
 d - 2 potions of curing
 g - 2 potions of heal wounds {unknown}
 h - a potion of degeneration {unknown}


   Skills:
 - Level 2.1 Dodging
 - Level 1.5 Stealth
 * Level 4.0 Spellcasting


You couldn't memorise any spells.
You knew the following spells:

 Your Spells              Type           Power      Damage    Failure   Level
a - Sandblast             Erth           36%        2d10      2%          1
b - Passwall              Tmut/Erth      15%        N/A       4%          2
c - Stone Arrow           Conj/Erth      36%        3d9       9%          3
d - Petrify               Tmut/Erth      18%        N/A       26%         4
e - Freeze                Ice            72%        1d9       2%          1
Your spell library was empty.

Dungeon Overview and Level Annotations

Branches:
Dungeon (2/15)

Altars:

Annotations:
D:2 Robin


Innate Abilities, Weirdness & Mutations

You are immune to sickness and miasma.
You are immune to poison.
Your flesh is very heat resistant. (rF++)
You are vulnerable to cold. (rC-)
You float through the air rather than walking.
You learn spells naturally, not from books.
Your magical power is your life essence.
You have superior vitality. (+4 MHP)


Message History

Robin shouts!
The goblin closely misses you.
A goblin comes into view. It is wielding a +0 club.
Robin throws the goblin at you! The goblin hits you with a +0 club.
You hit the goblin.
You kill the goblin!
Robin throws the goblin at you! The goblin hits you with a +0 dagger.
The goblin closely misses you.
A hobgoblin comes into view.
A goblin comes into view. It is wielding a +0 club.
You closely miss the goblin.
The hobgoblin shouts!
Robin roars a battlecry!
The goblins go into a battle-frenzy!
The goblin barely misses you. The goblin hits you with a +0 club.
You hear a shout!
You closely miss the goblin. The kobold barely misses you.
The goblin hits you but does no damage. The goblin hits you with a +0 club.
A goblin comes into view. It is wielding a +0 club.
You closely miss the goblin. The kobold barely misses you.
The goblin hits you but does no damage. The goblin closely misses you.
As you read the scroll labelled UTENIRH ZYJ IJ QIU, it crumbles to dust.
You speak a Word of immense power!
It was a scroll of holy word.
The kobold misses you. The goblin hits you with a +0 dagger.
The goblin hits you with a +0 club.
* * * LOW HITPOINT WARNING * * *
As you read the scroll labelled LILIET TEITHIN, it crumbles to dust.
It is a scroll of identify.
d - 2 potions of curing The kobold barely misses you.
The goblin hits you with a +0 dagger.
* * * LOW HITPOINT WARNING * * *
The goblin hits you with a +0 club.
* * * LOW HITPOINT WARNING * * *
As you read the scroll labelled LOENWO IQAWN, it crumbles to dust.
You hear a loud clanging noise!
It was a scroll of noise.
You hear a shout! x3; You hear an angry hiss. x2
The kobold barely misses you. The goblin barely misses you.
The goblin hits you with a +0 club.
You die...

#.....#######
##. #...###
#.. #...# #.#
....# #..
.#..# .g#
†##.###. #g#
........ ##g#
......## #gK#
......# #@##
......#
#######g##
......#
#........#
......#
#.......[#
......#
#........#
..#..##
#........#
.....##
#....>...#
..##..#
#........#.
#.##..#
#...........


You could see Robin, a hobgoblin (strong), 3 goblins and a kobold.

Vanquished Creatures
  A scorpion (D:2)
  A worm (D:2)
  2 dart slugs (D:1)
  5 ball pythons
  2 giant cockroaches
  3 goblins
  2 hobgoblins (D:1)
  3 quokkas
  3 bats
  A frilled lizard (D:2)
  2 kobolds
  A rat (D:2)
26 creatures vanquished.

Notes
Turn   | Place    | Note
-------+----------+-------------------------------------------
     0 | D:1      | rabbitsville the Djinni Earth Elementalist began the quest
                  | for the Orb.
     0 | D:1      | Reached XP level 1. HP: 15/15 MP: 0/0
   698 | D:1      | Reached XP level 2. HP: 19/21 MP: 0/0
   903 | D:1      | Reached skill level 3 in Spellcasting
  1435 | D:1      | Reached XP level 3. HP: 21/25 MP: 0/0
  1435 | D:1      | Learned a level 1 spell: Freeze
  1597 | D:2      | Noticed a scorpion
  1604 | D:2      | Killed a scorpion
  1605 | D:2      | Reached XP level 4. HP: 7/31 MP: 0/0
  1881 | D:2      | Reached skill level 4 in Spellcasting
  2007 | D:2      | Noticed Robin
  2017 | D:2      | Slain by a goblin

Illustrated notes

Levels and vault maps discovered:
D:1:      lightli_arrival_statue_moat, layout_loops_corners, minmay_octomino_e4
D:2:      layout_rooms, uniq_robin, uniq_crazy_yiuf_cottage

Skill      XL: |  1  2  3  4 |
---------------+-------------+-----
Spellcasting   | 3 4 |  4.0
Dodging        | |  2.1
Stealth        | |  1.5

Action                   |  1- 3 |  4- 6 || total
-------------------------+-------+-------++-------
Melee: Short sword       |    51 |    13 ||    64
       Unarmed           |     6 |       ||     6
       Punch             |     1 |       ||     1
 Cast: Sandblast         |    14 |     8 ||    22
  Use: Scroll            |       |     3 ||     3
 Stab: Sleeping          |     2 |       ||     2
Armor: Robe              |    18 |     8 ||    26
Dodge: Dodged            |    55 |    15 ||    70

Table legend: (Time is in decaauts)
 A = Elapsed time spent in this place.
 B = Non-inter-level travel time spent in this place.
 C = Inter-level travel time spent in this place.
 D = Time resting spent in this place.
 E = Time spent auto-exploring this place.
 F = Levels seen in this place.
 G = Mean time per level.
                   A        B        C        D        E       F      G
               +--------+--------+--------+--------+--------+-----+--------+
         Total |   2022 |   1965 |     57 |    502 |   1147 |   2 | 1011.0 |
       Dungeon |   2022 |   1965 |     57 |    502 |   1147 |   2 | 1011.0 |
               +--------+--------+--------+--------+--------+-----+--------+

Top non-repeatable levels by time:
     D:1: 1544 daAuts
     D:2: 478 daAuts
